 Dungeon Crawl Stone Soup version 0.27-a0-492-ga4bb394fd4 (webtiles) character file.

Game seed: 17127585763987847681

2768 Gaff the Slicer (level 10, -2/59 HPs)
             Began as a Kobold Brigand on Mar 2, 2021.
             Was a Follower of Uskayaw.
             Slain by a sun demon (16 damage)
             ... summoned by an orc high priest
             ... in a bailey.
             The game lasted 00:26:49 (9879 turns).

Gaff the Slicer (Kobold Brigand)                    Turns: 9879, Time: 00:26:49

Health: -2/59      AC:  8    Str:  9    XL:     10   Next: 1%
Magic:  10/10      EV: 30    Int: 12    God:    Uskayaw [*.....]
Gold:   264        SH:  0    Dex: 20    Spells: 9/9 levels left

rFire    . . .     SeeInvis .   a - +2 dagger
rCold    . . .     Faith    +   (shield restricted)
rNeg     . . .     Spirit   .   m - +0 leather armour
rPois    .         Reflect  .   A - +1 hat
rElec    .         Harm     .   K - +2 cloak
rCorr    .         Rampage  .   (no gloves)
Will     .....                  s - +0 pair of boots
Stlth    +++++.....             v - amulet of faith
HPRegen  0.19/turn              o - +4 ring of evasion
MPRegen  0.12/turn              F - +4 ring of evasion

@: flying, studying Evocations
A: small, nightstalker 3
a: Renounce Religion, Stomp


You were in a bailey.
You worshipped Uskayaw.
Uskayaw was noncommittal.
You visited 2 branches of the dungeon, and saw 9 of its levels.
You also visited: Sewer and Bailey.

You collected 264 gold pieces.

Inventory:

Hand Weapons
 a - a +2 dagger (weapon)
 E - a +0 dagger of venom
 G - a +0 short sword of freezing
Missiles
 d - 43 poisoned darts (quivered)
 e - 3 curare-tipped darts
 l - 22 boomerangs
 B - 3 boomerangs of dispersal
 H - 2 atropa-tipped darts
Armour
 b - a +0 robe
 m - a +0 leather armour (worn)
 s - a +0 pair of boots (worn)
 A - a +1 hat (worn)
 K - a +2 cloak (worn)
Jewellery
 o - a +4 ring of evasion (left hand)
 q - a ring of resist corrosion
 v - an amulet of faith (around neck)
 F - a +4 ring of evasion (right hand)
Wands
 c - a wand of flame (20)
 w - a wand of acid (7)
 J - a wand of random effects (20)
Scrolls
 h - 3 scrolls of teleportation
 k - a scroll of noise
 p - a scroll of random uselessness
 t - a scroll of immolation
 y - 2 scrolls of fear
 C - a scroll of amnesia
 D - a scroll of enchant weapon {unknown}
 I - a scroll of fog
Potions
 f - 2 potions of attraction
 g - a potion of invisibility {unknown}
 i - a potion of brilliance {unknown}
 j - 2 potions of flight
 u - 2 potions of curing
 x - 3 potions of heal wounds {unknown}
 z - a potion of haste


   Skills:
 + Level 5.5 Fighting
 + Level 9.9 Short Blades
 - Level 2.4 Throwing
 - Level 3.8 Armour
 + Level 9.2 Dodging
 - Level 7.0 Stealth
 + Level 0.4 Invocations


You had 9 spell levels left.
You didn't know any spells.
Your spell library contained the following spells:

 Spells                   Type           Power        Failure   Level
 Beastly Appendage        Tmut           0%           41%         1
 Wereblood                Tmut           0%           56%         2
 Spider Form              Tmut/Pois      0%           80%         3
 Ice Form                 Ice/Tmut       0%           99%         4
 Blade Hands              Tmut           0%           100%        5


Dungeon Overview and Level Annotations

Branches:
Dungeon (8/15)             Temple (1/1) D:5           Sewer (visited)
 Bailey (1/1)
   Lair: D:8-11

Altars:
Ashenzari
Dithmenos
Elyvilon
Fedhas
Gozag
Kikubaaqudgha
Makhleb
Nemelex Xobeh
Okawaru
Qazlal
Ru
Sif Muna
Trog
Uskayaw
Vehumet
Wu Jian
Xom
Yredelemnul

Shops:
D:7 (

Annotations:
D:2 Sigmund
D:5 2 transporters, mojasp's ghost, amateur OgWr
D:7 Menkaure


Innate Abilities, Weirdness & Mutations

You are small and have problems with some larger weapons.
You are completely attuned to the shadows.


Message History

The orc high priest is lightly wounded.
You barely miss the orc high priest.
The orc high priest is lightly wounded.
The orc high priest mumbles some strange prayers to Beogh.
Aiming: Throw Flame
Press: ? - help, Shift-Dir - straight line, f - orc high priest
Aim: an orc high priest, wielding a +0 war axe and wearing a +0 ring mail (lightly wounded, 36% to evade)
The puff of flame misses the orc high priest.
The orc high priest misses you.
You hit the rust devil but do no damage.
You hit the rust devil.
The rust devil is lightly wounded.
The rust devil completely misses you.
You can no longer pass through a line of other dancers.
You hit the rust devil but do no damage.
The rust devil is lightly wounded.
The orc high priest prays to Beogh.
You miss the chaos spawn.
You hit the chaos spawn but do no damage.
The chaos spawn degenerates into a cloud of primal chaos!
The rust devil completely misses you.
You hit the ice devil but do no damage. You hit the ice devil but do no damage.
The rust devil misses you.
You hit the ice devil but do no damage. You hit the ice devil but do no damage.
The rust devil closely misses you.
The ice devil is engulfed in seething chaos.
The ice devil seems to grow stronger.
The ice devil hits you but does no damage.
You hit the ice devil but do no damage.
You feel very buoyant.
You fly up into the air.
The rust devil barely misses you. The ice devil misses you.
The sun demon completely misses you. The sun demon misses you.
You hit the sun demon but do no damage. The sun demon closely misses you.
You hit the sun demon but do no damage. You hit the sun demon but do no damage.
The sun demon closely misses you.
You hit the sun demon but do no damage. The sun demon hits you!
* * * LOW HITPOINT WARNING * * *
You are engulfed in flames!
You die...

#≈≈≈≈≈# ##### #≈≈≈≈≈#
....# #≈≈≈≈≈# 8.8.#
#≈≈≈≈≈#
....######≈≈≈≈≈#
#......#44≈≈≈≈≈#
#......#.o≈≈≈≈.######
#####)'#.≈≈≈≈≈.3@...#
#.....#.≈≈≈≈≈......###
#.....)...)..........#
#..⌠..'...)......∩..∩#
#.....'...)..........#
#.....#.≈≈≈≈≈......###
####++#.≈≈≈≈≈......#
#.≈≈≈≈≈.######
#.≈≈≈≈≈≈#


You could see a sun demon (summoned).

Vanquished Creatures
  A troll (D:6)
  A wraith (D:7)
  2 sky beasts
  An ice beast (D:7)
  An ogre (D:4)
  3 centaurs
  A phantom (D:7)
  A kobold brigand (Sewer)
  Blork the orc (D:4)
  5 bullfrogs
  A scorpion (D:6)
  3 hounds
  2 quasits
  4 jellies (D:7)
  A bullfrog skeleton (D:7)
  3 orc priests
  2 centaur skeletons (D:8)
  Crazy Yiuf (D:7)
  7 iguanas
  5 worker ants
  4 orc wizards
  A hound skeleton (D:4)
  A worker ant zombie (D:5)
  A gnoll (Bailey)
  11 adders
  4 river rats
  2 shadow imps
  A white imp (D:7)
  An ufetubus (D:7)
  5 worms
  2 adder skeletons
  A dart slug (D:1)
  2 leopard geckos
  22 orcs
  5 giant cockroaches
  15 goblins
  10 hobgoblins
  6 jackals
  4 quokkas
  5 ball pythons
  7 bats
  4 frilled lizards
  2 jackal skeletons
  10 kobolds
  A leopard gecko skeleton (D:7)
  A leopard gecko zombie (D:6)
  13 rats
187 creatures vanquished.

Vanquished Creatures (others)
  12 plants (D:7)
12 creatures vanquished.

Grand Total: 199 creatures vanquished

Notes
Turn   | Place    | Note
-------+----------+-------------------------------------------
     0 | D:1      | Gaff the Kobold Brigand began the quest for the Orb.
     0 | D:1      | Reached XP level 1. HP: 12/12 MP: 1/1
   183 | D:1      | Reached XP level 2. HP: 17/17 MP: 2/2
   951 | D:1      | Reached XP level 3. HP: 21/21 MP: 3/3
  1292 | D:2      | Reached XP level 4. HP: 27/27 MP: 4/4
  1392 | D:2      | Noticed Sigmund
  2100 | D:3      | Reached XP level 5. HP: 31/31 MP: 5/5
  2528 | D:3      | Found a sparkling altar of Nemelex Xobeh.
  2572 | D:3      | Found an opulent altar of Gozag.
  2640 | D:3      | Found a faded altar of an unknown god.
  2666 | D:3      | Found a stormy altar of Qazlal.
  2749 | D:3      | Reached skill level 1 in Armour
  3209 | D:4      | Noticed Blork the orc
  3211 | D:4      | Killed Blork the orc
  3212 | D:4      | Reached XP level 6. HP: 36/36 MP: 6/6
  3221 | D:4      | Reached skill level 5 in Short Blades
  3383 | D:4      | Found a glowing drain.
  3390 | Sewer    | Entered a sewer
  3527 | Sewer    | Reached XP level 7. HP: 25/41 MP: 7/7
  3728 | Sewer    | Found a white marble altar of Elyvilon.
  4394 | D:4      | HP: 2/41 [orc priest/divine providence (16)]
  4965 | D:5      | Entered Level 5 of the Dungeon
  5259 | D:5      | Found a blossoming altar of Fedhas.
  5416 | D:5      | Found a staircase to the Ecumenical Temple.
  5422 | Temple   | Entered the Ecumenical Temple
  5444 | Temple   | Became a worshipper of Uskayaw the Reveller
  5762 | D:5      | Reached * piety under Uskayaw
  5763 | D:5      | Reached skill level 5 in Dodging
  5763 | D:5      | Reached XP level 8. HP: 46/46 MP: 8/8
  5764 | D:5      | Found a transporter.
  5766 | D:5      | Found a transporter.
  5767 | D:5      | Noticed mojasp's ghost (amateur OgWr)
  5803 | D:5      | Reached ** piety under Uskayaw
  6234 | D:6      | Reached *** piety under Uskayaw
  6239 | D:6      | Reached **** piety under Uskayaw
  7001 | D:7      | Reached XP level 9. HP: 52/52 MP: 9/9
  7035 | D:7      | Reached ***** piety under Uskayaw
  7189 | D:7      | Noticed a troll
  7197 | D:7      | Noticed Menkaure
  7249 | D:6      | Killed a troll
  7802 | D:7      | Reached skill level 5 in Fighting
  8856 | D:7      | Found Seomp's Weapon Shoppe.
  8876 | D:7      | Found a runed translucent door.
  8879 | D:7      | Noticed Crazy Yiuf
  8912 | D:7      | Killed Crazy Yiuf
  9488 | D:8      | Reached XP level 10. HP: 59/59 MP: 10/10
  9546 | D:8      | Noticed a two-headed ogre
  9567 | D:8      | Found a flagged portal.
  9609 | Bailey   | Entered a bailey
  9793 | Bailey   | Noticed a kobold demonologist
  9793 | Bailey   | Noticed an orc high priest
  9853 | Bailey   | Noticed a rust devil
  9860 | Bailey   | Noticed an ice devil
  9863 | Bailey   | Noticed a sun demon
  9879 | Bailey   | Slain by a sun demon

Illustrated notes

Levels and vault maps discovered:
D:1:      amcnicky_arrival_flooded_fountain, layout_loops_cross, serial_bayou,
          serial_bayou_pond_e, serial_bayou_pond_c, serial_bayou_lake_a,
          serial_bayou_lagoon_b
D:2:      layout_loops_ring, marbit_many_paths, minmay_tetromino_s2,
          uniq_sigmund
D:3:      layout_rooms, grunt_gozag_breadcrumbs, nicolae_overflow_crystal_walls,
          chequers_ecumenical_altar_simple, minmay_misc_feat_x,
          kennysheep_big_empty_room, grunt_decor_one_mirror, grunt_qazlal_clouds
D:4:      layout_basic, gup_sewer_entry_bubbles, nrook_mini_vaults,
          uniq_blork_the_orc
D:5:      layout_loops_ring, fedhas_altar_1, minmay_temple_entry_crystal_x,
          gammafunk_ghost_hive, serial_rivers, chequers_serial_rivers_micro_a,
          chequers_serial_rivers_room_b, chequers_serial_rivers_micro_c,
          chequers_serial_rivers_marsh, chequers_serial_rivers_micro_b,
          chequers_serial_rivers_small_3, minmay_manual_mares
D:6:      layout_loops_ring, st_stairs_2
D:7:      layout_basic, kennysheep_mini_moat, serial_shops,
          nicolae_shop_window_shopping, minmay_shattered_shrine, uniq_menkaure,
          uniq_crazy_yiuf_cottage
D:8:      layout_cave_pods, overflow_temple_1_default, enter_bailey_4
Temple:   regret_index_temple_generic_petals
Bailey:   bailey_axe_of_yendor_kennysheep, bailey

Skill      XL: |  1  2  3  4  5  6  7  8  9 |
---------------+----------------------------+-----
Short Blades   | 3 4 5 6 8 9 |  9.9
Stealth        | 6 7 |  7.0
Dodging        | 2 3 5 6 9 |  9.2
Armour         | 1 2 3 |  3.8
Fighting       | 3 4 5 |  5.5
Throwing       | |  2.4
Invocations    | |  0.4

Action                   |  1- 3 |  4- 6 |  7- 9 | 10-12 || total
-------------------------+-------+-------+-------+-------++-------
Melee: Dagger            |    73 |   277 |   559 |   107 ||  1016
       Short sword       |       |       |    54 |       ||    54
Throw: Dart              |       |     2 |       |       ||     2
Invok: Stomp             |       |       |     5 |     1 ||     6
Evoke: Wand              |       |       |       |     1 ||     1
  Use: Scroll            |       |     7 |     1 |       ||     8
       Potion            |       |       |     6 |     1 ||     7
 Stab: Sleeping          |    13 |    32 |    45 |       ||    90
       Distracted        |       |       |     2 |       ||     2
       Paralysed         |       |       |     7 |       ||     7
Armor: Robe              |    10 |       |       |       ||    10
       Leather armour    |     2 |    30 |    52 |     5 ||    89
       Skin              |       |       |     3 |       ||     3
Dodge: Dodged            |    45 |   152 |   442 |    67 ||   706

Table legend: (Time is in decaauts)
 A = Elapsed time spent in this place.
 B = Non-inter-level travel time spent in this place.
 C = Inter-level travel time spent in this place.
 D = Time resting spent in this place.
 E = Time spent auto-exploring this place.
 F = Levels seen in this place.
 G = Mean time per level.
                   A        B        C        D        E       F      G
               +--------+--------+--------+--------+--------+-----+--------+
         Total |   9657 |   9367 |    290 |   2058 |   4788 |  11 |  877.9 |
       Dungeon |   8706 |   8451 |    255 |   1823 |   4491 |   8 | 1088.2 |
        Temple |    304 |    269 |     35 |      0 |    263 |   1 |  304.0 |
         Sewer |    415 |    415 |      0 |    121 |     33 |   1 |  415.0 |
        Bailey |    230 |    230 |      0 |    114 |      0 |   1 |  230.0 |
               +--------+--------+--------+--------+--------+-----+--------+

Top non-repeatable levels by time:
     D:7: 1854 daAuts
     D:1: 1480 daAuts
     D:4: 1406 daAuts
     D:6: 1274 daAuts
     D:3: 1095 daAuts
     D:2: 609 daAuts
     D:5: 598 daAuts
   Sewer: 415 daAuts
     D:8: 387 daAuts
  Temple: 304 daAuts
  Bailey: 230 daAuts
